 Dungeon Crawl Stone Soup version 0.17.0-1-g61d176b (webtiles) character file.

211 HungrySpirit the Cudgeler (level 5, 0/32 HPs)
             Began as a Gargoyle Fighter on Nov 7, 2015.
             Slain by Dustman's ghost (1 damage)
             ... on level 4 of the Dungeon.
             The game lasted 00:03:52 (4033 turns).

HungrySpirit the Cudgeler (Gargoyle Fighter)        Turns: 4033, Time: 00:03:54

Health: 0/32       AC: 10    Str: 25    XL:     5   Next: 88%
Magic:  5/5        EV:  9    Int:  9    God:
Gold:   201        SH:  0    Dex:  9    Spells: 0 memorised, 4 levels left

rFire  . . .     SeeInvis .     a - +0 flail
rCold  . . .     Clarity  .     b - +0 scale mail
rNeg   + . .     SustAt   .     (no shield)
rPois  ∞         Gourm    .     (no helmet)
rElec  +         Spirit   .     (no cloak)
rCorr  .         Warding  .     (no gloves)
rMut   .         Stasis   .     (no boots)
MR     .....                    (no amulet)
Stlth  ..........               (no ring)
                                (no ring)

@: mighty, very slightly contaminated, invisible, not resistant to hostile
enchantments, extremely unstealthy
A: negative energy resistance 1, electricity resistance, unbreathing,
petrification resistance, rot immunity, AC +4
a: no special abilities


You were on level 4 of the Dungeon.
You were not hungry.

You visited 1 branch of the dungeon, and saw 4 of its levels.

You collected 201 gold pieces.

Inventory:

Hand Weapons
 a - a +0 flail (weapon)
Armour
 b - a +0 scale mail (worn)
 c - a +0 shield
Jewellery
 m - an uncursed amulet of faith {unknown}
Wands
 r - a wand of lightning (5)
 t - a wand of flame (29)
 u - a wand of magic darts (35)
Scrolls
 i - a scroll of enchant weapon {unknown}
 k - a scroll of fog {unknown}
 l - 2 scrolls of magic mapping {unknown}
 n - 2 scrolls of noise {unknown}
 o - 3 scrolls of teleportation {unknown}
 p - a scroll of recharging {unknown}
 q - 2 scrolls of remove curse {unknown}
 s - 4 scrolls of identify {unknown}
 w - a scroll of fear {unknown}
 y - a scroll of blinking {unknown}
Potions
 f - 2 potions of magic {unknown}
 g - 3 potions of curing
 x - a potion of heal wounds {unknown}
Comestibles
 e - 2 bread rations


   Skills:
 - Level 3.2 Fighting
 + Level 5.9 Maces & Flails
 - Level 3.2 Armour
 - Level 3.2 Shields


You had 4 spell levels left.
You didn't know any spells.

Dungeon Overview and Level Annotations

Branches:
Dungeon (4/15)
 Temple: D:4-7

Altars:
Gozag
Makhleb
Qazlal
Ru
Zin

Annotations:
D:4 Dustman's ghost, novice HuGl


Innate Abilities, Weirdness & Mutations

You are resistant to torment.
Your stone body is resilient (AC +4).
You are immune to poison.
You resist negative energy.
You are resistant to electric shocks.
You can survive without breathing.
You are immune to petrification.
You are immune to rotting.


Message History

You are too injured to fight recklessly!
You closely miss Dustman's ghost.
Dustman's ghost is severely damaged.
Dustman's ghost barely misses you.
You closely miss Dustman's ghost.
Dustman's ghost is severely damaged.
Dustman's ghost hits you but does no damage.
You miss Dustman's ghost.
Dustman's ghost is severely damaged.
Dustman's ghost hits you but does no damage.
You barely miss Dustman's ghost.
Dustman's ghost is severely damaged.
Dustman's ghost hits you but does no damage.
You closely miss Dustman's ghost.
Dustman's ghost is severely damaged.
Dustman's ghost hits you.
* * * LOW HITPOINT WARNING * * *
x2 Dustman's ghost hits you.
* * * LOW HITPOINT WARNING * * *
You die...

#....#.##......>.......
##..##.##...##########.
##### ##.##.###.## ##
#...######.##.##### #
#....>..........###
#####....#.##.#...##
####...##.###..##########
#..###.# ##..........##
##..##.@# ##########...
##.<...W.## ####
#..#...(..# #.#....##.###
# #.##...# ...# # #.
##..# ##.# # ..
#...####.# ##### .#
#.....##.# ####.... #.
#..##....# ##....###


You could see Dustman's ghost.

Vanquished Creatures
  A scorpion (D:4)
  A crimson imp (D:4)
  An orc priest (D:4)
  A worker ant (D:3)
  An adder (D:4)
  5 worms
  2 giant geckos
  5 orcs
  2 giant cockroaches
  5 goblins
  4 hobgoblins
  2 jackals (D:3)
  A quokka (D:2)
  A ball python (D:2)
  5 bats
  10 giant newts
  5 kobolds
  3 rats
55 creatures vanquished.

Notes
Turn   | Place    | Note
--------------------------------------------------------------
     0 | D:1      | HungrySpirit the Gargoyle Fighter began the quest for the Orb.
     0 | D:1      | Reached XP level 1. HP: 14/14 MP: 1/1
   242 | D:1      | Reached XP level 2. HP: 14/19 MP: 2/2
  1272 | D:2      | Found a burning altar of Makhleb.
  1716 | D:2      | Reached XP level 3. HP: 23/23 MP: 3/3
  1719 | D:2      | Found an opulent altar of Gozag.
  1721 | D:2      | Found a stormy altar of Qazlal.
  1723 | D:2      | Found a sacrificial altar of Ru.
  1724 | D:2      | Found a glowing silver altar of Zin.
  2780 | D:3      | Reached skill level 4 in Maces & Flails
  2780 | D:3      | Reached XP level 4. HP: 23/28 MP: 4/4
  3058 | D:4      | Reached skill level 5 in Maces & Flails
  3309 | D:4      | Reached XP level 5. HP: 27/32 MP: 5/5
  3387 | D:4      | Noticed Dustman's ghost (novice HuGl)
  4033 | D:4      | HP: 1/32 [Dustman's ghost (6)]
  4033 | D:4      | Slain by Dustman's ghost

Action                   |  1- 3 |  4- 6 || total
-------------------------+-------+-------++-------
Melee: Flail             |   131 |   152 ||   283
  Use: Potion            |       |     4 ||     4
 Stab: Invisible         |       |     1 ||     1
  Eat: Chunk             |     5 |     2 ||     7
       Bread ration      |       |     1 ||     1
